 Dungeon Crawl Stone Soup version 0.18.1-5-g4a78601 (webtiles) character file.

1645 oplop the Spear-Bearer (level 8, 0/65 HPs)
             Began as a Merfolk Gladiator on May 13, 2016.
             Was a Believer of Okawaru.
             Slain by a gnoll (7 damage)
             ... on level 6 of the Dungeon.
             The game lasted 00:10:24 (3803 turns).

oplop the Spear-Bearer (Merfolk Gladiator)          Turns: 3803, Time: 00:10:24

Health: 0/65       AC:  6    Str: 15    XL:     8   Next: 99%
Magic:  10/10      EV: 18    Int: 12    God:    Okawaru [**....]
Gold:   218        SH:  0    Dex: 17    Spells: 0 memorised, 7 levels left

rFire  + + +     SeeInvis .     r - +0 halberd (venom)
rCold  + . .     Gourm    .     K - +1 robe {rF+}
rNeg   + . .     Faith    .     (shield currently unavailable)
rPois  +         Spirit   .     c - +0 helmet
rElec  +         Dismiss  .     (no cloak)
rCorr  +         Reflect  .     (no gloves)
SustAt .         Harm     .     v - +1 pair of boots
MR     .....                    (no amulet)
Stlth  ++........               z - ring of protection from fire
                                M - ring of positive energy

@: brilliant, resistant, not resistant to hostile enchantments, unstealthy
A: change form in water, swift swim
a: Heroism, Renounce Religion


You were on level 6 of the Dungeon.
You worshipped Okawaru.
Okawaru was pleased with you.
You were not hungry.

You visited 1 branch of the dungeon, and saw 6 of its levels.
You also visited: Sewer.

You collected 218 gold pieces.

Inventory:

Hand Weapons
 a - a +0 trident
 r - a +0 halberd of venom (weapon)
Missiles
 d - 4 throwing nets (quivered)
Armour
 c - a +0 helmet (worn)
 v - a +1 pair of boots (worn)
 K - a +1 robe of fire resistance (worn)
Jewellery
 x - an uncursed ring of flight
 z - a ring of protection from fire (right hand)
 M - a ring of positive energy (left hand)
Wands
 m - a wand of lightning (0/15)
 p - a wand of random effects (16/48)
Scrolls
 i - 2 scrolls of magic mapping {unknown}
 j - 3 scrolls of teleportation {unknown}
 l - 4 scrolls of remove curse
 t - 2 scrolls of recharging {unknown}
 y - 2 scrolls of immolation {unknown}
 A - 2 scrolls of identify
 D - a scroll of enchant armour {unknown}
 E - 2 scrolls of amnesia {unknown}
 H - a scroll of noise {unknown}
 J - a scroll of random uselessness {unknown}
Potions
 e - a potion of brilliance
 n - 2 potions of curing
 q - 2 potions of cancellation {unknown}
 s - a potion of berserk rage {unknown}
 u - 3 potions of flight {unknown}
 w - a potion of lignification {unknown}
 B - 3 potions of agility {unknown}
 C - 6 potions of might {unknown}
 G - a potion of cure mutation {unknown}
 I - a potion of mutation {unknown}
 L - a potion of degeneration {unknown}
Comestibles
 b - 3 chunks of flesh
 f - 2 bread rations
 g - 4 slices of pizza
 o - 2 fruits
 F - 2 meat rations


   Skills:
 + Level 6.9 Fighting
 + Level 9.8 Polearms
 - Level 2.0 Throwing
 + Level 8.9 Dodging
 - Level 3.4 Invocations


You had 7 spell levels left.
You didn't know any spells.

Dungeon Overview and Level Annotations

Branches:
Dungeon (6/15)             Temple (0/1) D:6

Altars:
Ashenzari
Cheibriados
Gozag
Kikubaaqudgha
Makhleb
Okawaru
Pakellas
Trog
Zin


Message History

The steam dragon closely misses you. The steam dragon misses you.
You closely miss the steam dragon.
The steam dragon is lightly wounded.
The gnoll misses you. The gnoll closely misses you.
The steam dragon misses you. The steam dragon claws you.
* * * LOW HITPOINT WARNING * * *
The gnoll hits you from afar with a spear.
* * * LOW HITPOINT WARNING * * *
You puncture the steam dragon!
The steam dragon looks even sicker.
The steam dragon is heavily wounded.
The gnoll hits you but does no damage. The gnoll completely misses you.
The orc wizard gestures wildly while chanting.
The orc wizard seems to speed up.
The steam dragon bites you!
* * * LOW HITPOINT WARNING * * *
The steam dragon claws you but does no damage.
The gnoll hits you but does no damage.
You hit the steam dragon.
The steam dragon is severely wounded.
The gnoll hits you!
You die...

.# #..# #.##.#...## .#
##.####### #....#.†..# .#
#.......# #....+y)†.# ##
#..#....###....##'#......
####..#.....##....##.#
..... #
#...........##....##..
####
###.#.#.#.....##....#####
'...#÷.###..####.D..#
######## ##..# #@#### #..
# #######.###g#######..._
# #2#_....##ggZ......._..
# ##########oco..........
# # #........._..⌠
#........g....
#.........._..
#............_
#..#.8.#..#..


You could see a steam dragon, a centaur, an orc wizard, 3 gnolls, an orc and a
howler monkey zombie.

Vanquished Creatures
  Pikel (D:5)
  Duvessa (D:5)
  2 slaves (D:5)
  An ice beast (D:4)
  A sky beast (D:6)
  A big kobold (Sewer)
  Dowan (D:5)
  A killer bee (D:6)
  An orc wizard (D:4)
  3 hounds
  A giant frog skeleton (D:4)
  A gnoll shaman (D:6)
  Ijyb (D:3)
  An iguana (D:4)
  5 worker ants
  A hound skeleton (D:5)
  A howler monkey zombie (D:4)
  15 gnolls
  6 adders
  2 shadow imps (D:6)
  3 oozes
  An adder skeleton (D:6)
  A worm (D:2)
  3 dart slugs
  3 giant geckos
  11 orcs
  13 bats
  11 giant cockroaches
  5 goblins
  6 hobgoblins
  3 jackals (D:2)
  2 quokkas
  2 ball pythons
  4 giant newts
  24 kobolds
  10 rats
149 creatures vanquished.

Vanquished Creatures (others)
  2 slaves (D:5)
  An adder (D:5)
  A ball python (D:5)
  A giant cockroach (D:5)
5 creatures vanquished.

Grand Total: 154 creatures vanquished

Notes
Turn   | Place    | Note
--------------------------------------------------------------
     0 | D:1      | oplop the Merfolk Gladiator began the quest for the Orb.
     0 | D:1      | Reached XP level 1. HP: 16/16 MP: 1/1
    40 | D:1      | Reached XP level 2. HP: 18/23 MP: 2/2
   257 | D:1      | Reached skill level 5 in Polearms
   364 | D:1      | Reached XP level 3. HP: 26/28 MP: 3/3
   790 | D:2      | Reached XP level 4. HP: 28/35 MP: 4/4
   874 | D:2      | Reached skill level 5 in Dodging
  1123 | D:2      | Reached XP level 5. HP: 40/41 MP: 5/5
  1199 | D:3      | Reached skill level 6 in Polearms
  1283 | D:3      | Noticed Ijyb
  1296 | D:3      | Killed Ijyb
  1366 | D:3      | Found an iron altar of Okawaru.
  1547 | D:3      | Found an opulent altar of Gozag.
  1547 | D:3      | Found a snail-covered altar of Cheibriados.
  1627 | D:3      | Became a worshipper of Warmaster Okawaru
  1645 | D:4      | Reached XP level 6. HP: 48/48 MP: 6/6
  1772 | D:4      | Reached skill level 7 in Polearms
  1804 | D:4      | Found a glowing drain.
  1815 | Sewer    | Entered a sewer
  2140 | D:4      | Reached XP level 7. HP: 32/55 MP: 7/7
  2392 | D:4      | Reached skill level 5 in Fighting
  2404 | D:4      | Reached * piety under Okawaru
  2590 | D:5      | Entered Level 5 of the Dungeon
  2786 | D:5      | Reached skill level 8 in Polearms
  3206 | D:5      | Noticed Pikel
  3232 | D:5      | Killed Pikel
  3232 | D:5      | Reached ** piety under Okawaru
  3232 | D:5      | Reached XP level 8. HP: 45/64 MP: 7/9
  3263 | D:5      | Reached skill level 9 in Polearms
  3360 | D:5      | Noticed Duvessa
  3462 | D:5      | Noticed Dowan
  3467 | D:5      | Killed Duvessa
  3477 | D:5      | Killed Dowan
  3678 | D:6      | Found a burning altar of Makhleb.
  3678 | D:6      | Noticed a green death
  3752 | D:6      | Found a staircase to the Ecumenical Temple.
  3760 | D:6      | Found an ancient bone altar of Kikubaaqudgha.
  3761 | D:6      | Found a shattered altar of Ashenzari.
  3761 | D:6      | Found an oddly glowing altar of Pakellas.
  3763 | D:6      | Found a glowing silver altar of Zin.
  3763 | D:6      | Found a bloodstained altar of Trog.
  3803 | D:6      | Slain by a gnoll

Skill      XL: |  1  2  3  4  5  6  7  8 |
---------------+-------------------------+-----
Polearms       | 5 6 7 8 9 |  9.8
Fighting       | 3 4 6 |  6.9
Dodging        | 5 6 8 |  8.9
Invocations    | 2 3 |  3.4
Throwing       | |  2.0

Action                   |  1- 3 |  4- 6 |  7- 9 || total
-------------------------+-------+-------+-------++-------
Melee: Trident           |    88 |   115 |       ||   203
       Halberd           |       |   100 |   146 ||   246
       Tailslap          |       |     1 |       ||     1
Invok: Heroism           |       |       |     1 ||     1
Evoke: Wand              |       |     7 |     5 ||    12
  Use: Scroll            |       |     2 |       ||     2
       Potion            |       |       |     6 ||     6
 Stab: Sleeping          |     4 |     3 |     2 ||     9
  Eat: Chunk             |       |     4 |     5 ||     9
       Fruit             |       |       |     1 ||     1
Armor: Leather armour    |    17 |    34 |    10 ||    61
       Robe              |       |       |    13 ||    13
Dodge: Dodged            |    35 |   159 |   193 ||   387
